2907 views
Uploaded 2020-07-22 16:09:27
Game version 1.32.6 / 1.32.7
17:06 long 2on2 custom game on (4)TidewaterGlades_LV
Game name "W3Champions-s2-20-23767"
Saved by Changer
2907 views
Uploaded 2020-07-22 16:09:27
Game version 1.32.6 / 1.32.7
17:06 long 2on2 custom game on (4)TidewaterGlades_LV
Game name "W3Champions-s2-20-23767"


82 units @ 11.1k
/ 1.5k
28 buildings @ 4.5k
/ 1.5k



| Rod of Necromancy | 3 | 450 |
| Sacrificial Skull | 1 | 50 |
| Potion of Mana | 3 | 600 |
| Potion of Healing | 2 | 300 |
| Orb of Corruption | 1 | 375 |
| Scroll of Town Portal | 1 | 350 |
| Potion of Lesser Invulnerability | 1 | 150 |
| total: | 12 | 2275g |
| Acolyte | 17 | 1275 | / | 0 |
| Ghoul | 7 | 840 | / | 0 |
| Crypt Fiend | 5 | 1075 | / | 200 |
| Obsidian Statue | 3 | 600 | / | 105 |
| Abomination | 7 | 1680 | / | 490 |
| total: | 39 | 5470g | / | 795w |
| Nerubian Tower | 1 | 100 | / | 20 |
| Spirit Tower | 2 | 290 | / | 80 |
| Crypt | 2 | 400 | / | 100 |
| Altar of Darkness | 1 | 180 | / | 50 |
| Ziggurat | 7 | 1050 | / | 350 |
| Tomb of Relics | 2 | 260 | / | 60 |
| Necropolis | 1 | 225 | / | 0 |
| Graveyard | 1 | 215 | / | 0 |
| Slaughterhouse | 2 | 280 | / | 270 |
| Sacrificial Pit | 1 | 75 | / | 150 |
| Halls of the Dead | 1 | 320 | / | 210 |
| Black Citadel | 1 | 325 | / | 230 |
| total: | 17 | 2685g | / | 980w |
| 0:01 | Acolyte |
| 0:08 | Crypt |
| 0:12 | Altar of Darkness |
| 0:24 | Ziggurat |
| 0:32 | Acolyte |
| 1:02 | Tomb of Relics |
| 1:10 | Ghoul |
| 1:19 | Ziggurat |
| 1:28 | Ghoul |
| 1:36 | Acolyte |
| 1:48 | Ghoul |
| 2:00 | Ghoul |
| 2:12 | Rod of Necromancy |
| 2:12 | Sacrificial Skull |
| 2:15 | Carrion Beetles |
| 2:25 | Ghoul |
| 2:43 | Ziggurat |
| 2:50 | Ghoul |
| 3:14 | Acolyte |
| 3:23 | Impale |
| 3:32 | Acolyte |
| 3:33 | Nerubian Tower |
| 3:35 | Ghoul |
| 3:41 | Acolyte |
| 3:49 | Acolyte |
| 4:20 | Acolyte |
| 4:25 | Necropolis |
| 4:40 | Acolyte |
| 4:40 | Acolyte |
| 4:44 | Acolyte |
| 4:54 | Graveyard |
| 4:57 | Ziggurat |
| 5:18 | Halls of the Dead |
| 5:35 | Tomb of Relics |
| 5:38 | Crypt |
| 6:10 | Carrion Beetles |
| 6:39 | Spirit Tower |
| 6:41 | Creature Attack |
| 6:41 | Creature Carapace |
| 6:48 | Crypt Fiend |
| 6:48 | Crypt Fiend |
| 6:52 | Ziggurat |
| 7:00 | Crypt Fiend |
| 7:00 | Crypt Fiend |
| 7:27 | Scroll of Town Portal |
| 7:27 | Potion of Lesser Invulnerability |
| 7:44 | Black Citadel |
| 7:45 | Slaughterhouse |
| 7:49 | Spirit Tower |
| 7:55 | Slaughterhouse |
| 8:10 | Potion of Mana |
| 8:25 | Rod of Necromancy |
| 8:29 | Potion of Mana |
| 8:30 | Impale |
| 8:36 | Death Coil |
| 8:52 | Crypt Fiend |
| 8:54 | Obsidian Statue |
| 9:26 | Obsidian Statue |
| 9:32 | Rod of Necromancy |
| 9:35 | Acolyte |
| 9:35 | Acolyte |
| 9:44 | Potion of Healing |
| 9:58 | Acolyte |
| 10:06 | Acolyte |
| 10:20 | Destroyer Form |
| 10:29 | Potion of Mana |
| 11:07 | Acolyte |
| 11:12 | Disease Cloud |
| 11:14 | Abomination |
| 11:17 | Orb of Corruption |
| 11:38 | Ziggurat |
| 11:40 | Ziggurat |
| 11:50 | Frost Nova |
| 12:04 | Abomination |
| 12:08 | Unholy Armor |
| 12:18 | Unholy Aura |
| 12:30 | Acolyte |
| 12:35 | Abomination |
| 13:22 | Obsidian Statue |
| 13:37 | Potion of Healing |
| 13:40 | Ghoul Frenzy |
| 14:09 | Abomination |
| 14:47 | Abomination |
| 15:00 | Sacrificial Pit |
| 15:22 | Abomination |
| 15:40 | Abomination |
| 15:45 | Improved Unholy Armor |
| 15:45 | Unholy Strength |
| 15:48 | Frost Armor |
| Right click | 1804 |
| Select group | 1525 |
| Select | 620 |
| Misc. action | 617 |
| Assign group | 236 |
| Build/train/purchase | 152 |
| Use ability | 78 |
| Item give/drop | 10 |
| Minimap ping | 10 |
| Remove unit | 5 |
| Chat | 4 |


| Healing Salve | 4 | 400 |
| Scroll of Speed | 3 | 150 |
| Lesser Clarity Potion | 4 | 280 |
| Potion of Healing | 1 | 150 |
| total: | 12 | 980g |
| Peon | 9 | 675 | / | 0 |
| Grunt | 1 | 200 | / | 0 |
| Troll Headhunter | 23 | 3220 | / | 460 |
| Troll Berserker | 7 | 980 | / | 140 |
| Troll Witch Doctor | 2 | 290 | / | 50 |
| Dark Troll Berserker | 1 | 255 | / | 30 |
| total: | 43 | 5620g | / | 680w |
| Orc Burrow | 5 | 800 | / | 200 |
| Altar of Storms | 1 | 180 | / | 50 |
| War Mill | 1 | 205 | / | 0 |
| Barracks | 2 | 360 | / | 100 |
| Voodoo Lounge | 1 | 130 | / | 30 |
| Spirit Lodge | 1 | 150 | / | 150 |
| Stronghold | 2 | 630 | / | 380 |
| Fortress | 1 | 325 | / | 190 |
| total: | 11 | 1825g | / | 530w |
| 0:02 | Peon |
| 0:02 | Peon |
| 0:03 | Peon |
| 0:17 | Peon |
| 0:33 | Orc Burrow |
| 0:36 | Peon |
| 0:48 | Altar of Storms |
| 0:59 | War Mill |
| 1:06 | Barracks |
| 1:25 | Orc Burrow |
| 1:26 | Orc Burrow |
| 1:34 | Peon |
| 1:50 | Peon |
| 2:08 | Grunt |
| 2:35 | Barracks |
| 2:47 | Peon |
| 2:53 | Endurance Aura |
| 3:02 | Troll Headhunter |
| 3:08 | Peon |
| 3:32 | Troll Headhunter |
| 3:43 | Troll Headhunter |
| 3:54 | Troll Headhunter |
| 3:54 | Troll Headhunter |
| 4:08 | Voodoo Lounge |
| 4:23 | Troll Headhunter |
| 4:38 | Troll Headhunter |
| 4:38 | Troll Headhunter |
| 4:53 | Troll Headhunter |
| 5:24 | Stronghold |
| 5:45 | Orc Burrow |
| 5:57 | Healing Salve |
| 5:57 | Scroll of Speed |
| 6:01 | Healing Salve |
| 6:02 | Lesser Clarity Potion |
| 6:34 | War Stomp |
| 6:50 | Dark Troll Berserker |
| 6:52 | Troll Headhunter |
| 6:52 | Troll Headhunter |
| 7:07 | Orc Burrow |
| 7:56 | Troll Regeneration |
| 8:20 | Troll Headhunter |
| 8:25 | War Stomp |
| 8:34 | Troll Headhunter |
| 8:44 | Hex |
| 8:45 | Lesser Clarity Potion |
| 8:45 | Healing Salve |
| 8:45 | Scroll of Speed |
| 9:04 | Troll Headhunter |
| 9:32 | Potion of Healing |
| 9:34 | Troll Headhunter |
| 9:55 | Troll Headhunter |
| 10:08 | Troll Headhunter |
| 11:01 | Fortress |
| 11:02 | Troll Headhunter |
| 11:26 | Troll Headhunter |
| 11:53 | Spirit Lodge |
| 12:04 | Troll Headhunter |
| 12:07 | Steel Ranged Weapons |
| 12:15 | Healing Wave |
| 12:31 | Troll Headhunter |
| 12:31 | Troll Headhunter |
| 13:22 | Berserker Upgrade |
| 13:23 | Troll Headhunter |
| 13:24 | Witch Doctor Adept Training |
| 13:44 | Lesser Clarity Potion |
| 13:44 | Healing Salve |
| 13:44 | Scroll of Speed |
| 13:48 | Lesser Clarity Potion |
| 14:08 | Troll Berserker |
| 14:25 | Troll Berserker |
| 14:38 | Witch Doctor Master Training |
| 14:51 | Troll Berserker |
| 15:05 | Endurance Aura |
| 15:08 | Troll Witch Doctor |
| 15:25 | Troll Berserker |
| 15:40 | Troll Berserker |
| 15:53 | Troll Witch Doctor |
| 16:34 | Troll Berserker |
| 16:34 | Troll Berserker |
| Select group | 1333 |
| Right click | 1235 |
| Select | 395 |
| Misc. action | 364 |
| Assign group | 202 |
| Build/train/purchase | 120 |
| Use ability | 34 |
74 units @ 10.4k
/ 1.6k
37 buildings @ 5.1k
/ 2.1k


| Lesser Clarity Potion | 5 | 350 |
| Orb of Venom | 1 | 325 |
| Potion of Mana | 2 | 400 |
| Scroll of Regeneration | 2 | 200 |
| total: | 10 | 1275g |
| Wisp | 26 | 1560 | / | 0 |
| Huntress | 5 | 975 | / | 100 |
| Mountain Giant | 8 | 2800 | / | 800 |
| total: | 39 | 5335g | / | 900w |
| Ancient Protector | 1 | 135 | / | 80 |
| Altar of Elders | 2 | 360 | / | 100 |
| Moon Well | 7 | 1260 | / | 280 |
| Ancient of War | 2 | 300 | / | 120 |
| Hunter's Hall | 1 | 210 | / | 100 |
| Ancient of Wonders | 3 | 270 | / | 90 |
| Tree of Life | 1 | 340 | / | 185 |
| Ancient of Lore | 3 | 465 | / | 435 |
| Tree of Ages | 1 | 320 | / | 180 |
| Tree of Eternity | 1 | 330 | / | 200 |
| total: | 20 | 3340g | / | 1390w |
| 0:00 | Wisp |
| 0:02 | Altar of Elders |
| 0:04 | Altar of Elders |
| 0:08 | Wisp |
| 0:15 | Moon Well |
| 0:17 | Wisp |
| 0:31 | Wisp |
| 0:41 | Wisp |
| 1:04 | Ancient of War |
| 1:05 | Wisp |
| 1:16 | Wisp |
| 1:17 | Wisp |
| 1:29 | Wisp |
| 1:52 | Hunter's Hall |
| 2:05 | Ancient of War |
| 2:06 | Wisp |
| 2:16 | Moon Well |
| 2:22 | Entangling Roots |
| 2:40 | Wisp |
| 3:02 | Tree of Ages |
| 3:10 | Huntress |
| 3:27 | Huntress |
| 3:36 | Moon Well |
| 3:57 | Huntress |
| 4:21 | Huntress |
| 4:54 | Ancient of Wonders |
| 4:57 | Huntress |
| 5:26 | Wisp |
| 5:26 | Wisp |
| 5:28 | Ancient of Lore |
| 5:32 | Breath of Fire |
| 5:43 | Ancient of Wonders |
| 6:08 | Force of Nature |
| 6:10 | Wisp |
| 6:25 | Tree of Eternity |
| 6:38 | Scroll of Regeneration |
| 6:41 | Lesser Clarity Potion |
| 6:55 | Mountain Giant |
| 7:04 | Drunken Brawler |
| 7:24 | Moon Well |
| 7:30 | Ancient of Lore |
| 8:38 | Mountain Giant |
| 8:42 | Tree of Life |
| 8:48 | Hardened Skin |
| 9:08 | Wisp |
| 9:08 | Wisp |
| 9:11 | Force of Nature |
| 9:23 | Breath of Fire |
| 10:06 | Mountain Giant |
| 10:12 | Ancient of Wonders |
| 10:33 | Mountain Giant |
| 10:45 | Wisp |
| 10:45 | Wisp |
| 11:03 | Lesser Clarity Potion |
| 11:21 | Wisp |
| 11:34 | Resistant Skin |
| 11:41 | Orb of Venom |
| 12:18 | Wisp |
| 12:20 | Moon Well |
| 12:22 | Wisp |
| 12:24 | Mountain Giant |
| 12:42 | Lesser Clarity Potion |
| 12:42 | Potion of Mana |
| 12:59 | Mountain Giant |
| 13:48 | Wisp |
| 13:49 | Mountain Giant |
| 13:51 | Wisp |
| 13:53 | Moon Well |
| 14:21 | Reinforced Hides |
| 14:23 | Lesser Clarity Potion |
| 14:23 | Lesser Clarity Potion |
| 14:24 | Potion of Mana |
| 14:24 | Scroll of Regeneration |
| 14:37 | Moon Well |
| 14:40 | Wisp |
| 15:10 | Strength of the Wild |
| 15:35 | Wisp |
| 15:36 | Wisp |
| 16:00 | Ancient of Lore |
| 16:39 | Drunken Brawler |
| 16:40 | Mountain Giant |
| 16:43 | Ancient Protector |
| 16:45 | Entangling Roots |
| Select group | 849 |
| Right click | 744 |
| Select | 319 |
| Chat | 194 |
| Assign group | 102 |
| Build/train/purchase | 98 |
| Use ability | 85 |
| Misc. action | 49 |
| Minimap ping | 16 |
| Item give/drop | 5 |
| Resource trade | 5 |
| Esc | 3 |



| Scroll of Regeneration | 2 | 200 |
| Lesser Clarity Potion | 1 | 70 |
| Staff of Sanctuary | 1 | 250 |
| total: | 4 | 520g |
| Peasant | 11 | 825 | / | 0 |
| Rifleman | 12 | 2460 | / | 360 |
| Priest | 9 | 1215 | / | 90 |
| Mortar Team | 3 | 540 | / | 210 |
| total: | 35 | 5040g | / | 660w |
| Altar of Kings | 1 | 180 | / | 50 |
| Farm | 11 | 880 | / | 220 |
| Barracks | 1 | 160 | / | 60 |
| Blacksmith | 1 | 140 | / | 60 |
| Arcane Vault | 1 | 130 | / | 30 |
| Arcane Sanctum | 1 | 150 | / | 140 |
| Workshop | 1 | 140 | / | 140 |
| Keep | 1 | 320 | / | 210 |
| Castle | 1 | 360 | / | 210 |
| total: | 17 | 1780g | / | 700w |
| 0:01 | Peasant |
| 0:01 | Peasant |
| 0:09 | Peasant |
| 0:22 | Peasant |
| 0:33 | Altar of Kings |
| 0:49 | Farm |
| 0:50 | Peasant |
| 1:02 | Peasant |
| 1:23 | Peasant |
| 1:33 | Peasant |
| 1:40 | Peasant |
| 1:48 | Farm |
| 2:01 | Keep |
| 2:18 | Barracks |
| 2:27 | Blacksmith |
| 2:33 | Farm |
| 3:15 | Siphon Mana |
| 3:23 | Farm |
| 4:02 | Rifleman |
| 4:02 | Rifleman |
| 4:02 | Rifleman |
| 4:03 | Farm |
| 4:19 | Farm |
| 4:46 | Arcane Sanctum |
| 4:52 | Arcane Vault |
| 5:09 | Rifleman |
| 5:41 | Holy Light |
| 6:11 | Rifleman |
| 6:12 | Long Rifles |
| 6:12 | Priest |
| 6:12 | Priest |
| 6:13 | Priest Adept Training |
| 6:53 | Flame Strike |
| 6:55 | Flame Strike |
| 7:00 | Flame Strike |
| 7:12 | Devotion Aura |
| 7:16 | Rifleman |
| 7:18 | Farm |
| 7:19 | Priest |
| 7:29 | Farm |
| 7:30 | Black Gunpowder |
| 7:32 | Workshop |
| 7:41 | Castle |
| 8:47 | Flame Strike |
| 8:55 | Rifleman |
| 8:55 | Priest |
| 8:56 | Mortar Team |
| 10:09 | Mortar Team |
| 10:10 | Priest Master Training |
| 10:11 | Priest |
| 10:11 | Rifleman |
| 10:11 | Rifleman |
| 10:54 | Peasant |
| 10:54 | Peasant |
| 11:06 | Scroll of Regeneration |
| 11:16 | Lesser Clarity Potion |
| 11:24 | Fragmentation Shards |
| 11:35 | Holy Light |
| 12:17 | Flare |
| 12:36 | Rifleman |
| 12:43 | Staff of Sanctuary |
| 12:46 | Blizzard |
| 13:34 | Rifleman |
| 14:04 | Scroll of Regeneration |
| 14:47 | Priest |
| 14:48 | Priest |
| 14:55 | Farm |
| 15:11 | Siphon Mana |
| 15:26 | Farm |
| 15:44 | Mortar Team |
| 16:07 | Rifleman |
| 16:08 | Priest |
| 16:08 | Priest |
| 16:09 | Farm |
| 16:43 | Brilliance Aura |
| 16:53 | Devotion Aura |
| Right click | 1266 |
| Select | 617 |
| Use ability | 81 |
| Build/train/purchase | 71 |
| Misc. action | 68 |
| Chat | 42 |
| Item give/drop | 3 |
| Remove unit | 1 |
| Minimap ping | 1 |
⇛